 Dungeon Crawl Stone Soup version 0.30-a0-377-g5cb311bc9f (webtiles) character file.

Game seed: 229772441619659563

2620991 ragingrage the Bane of Scribes (level 27, 270/270 HPs)
             Began as a Hill Orc Gladiator on Nov 30, 2022.
             Was the Champion of Trog.
             Escaped with the Orb
             ... and 4 runes!
             The game lasted 01:25:24 (59851 turns).

ragingrage the Bane of Scribes (HOGl)              Turns: 59851, Time: 01:25:24

Health: 270/270    AC: 56    Str: 33    XL:     27
Magic:  32/32      EV: 17    Int:  6    God:    Trog [******]
Gold:   2980       SH:  0    Dex: 20    Spells: 26/26 levels left

rFire   + . .      SeeInvis .    a - +8 frozen axe "Frostbite" {freezing cloud, *Noise Fly rC+}
rCold   + + .      Faith    .    (shield currently unavailable)
rNeg    + . .      Spirit   .    h - +10 gold dragon scales
rPois   +          Reflect  .    (helmet restricted)
rElec   .          Harm     .    x - +2 cloak {rCorr}
rCorr   +          Rampage  .    f - +2 pair of gloves of the Other Side {*Corrode rPois Dex+6}
Will    +++++                    Q - +2 pair of boots {Fly}
Stlth   ..........               F - amulet of Vitality {RegenMP++ Regen++}
HPRegen 2.25/turn                j - ring of the Tortoise {AC+8}
MPRegen 1.03/turn                Z - ring "Ojann" {Contam rN+ Will+++ Str+6 Stlth-}

@: flying, studying Stealth
A: horns 1, dopey 1, low MP 2, inhibited regeneration, weak 1, inability to
drink after injury 1
0: Orb of Zot
}: 4/15 runes: serpentine, barnacled, silver, abyssal
a: Renounce Religion, Berserk, Trog's Hand, Brothers in Arms


You escaped.
You worshipped Trog.
Trog was exalted by your worship.
You visited 10 branches of the dungeon, and saw 48 of its levels.
You visited the Abyss 3 times.
You visited 1 bazaar.
You also visited: Sewer, Bailey and Wizlab.

You collected 7633 gold pieces.
You spent 4653 gold pieces at shops.

Inventory:

Hand Weapons
 a - the +8 frozen axe "Frostbite" (weapon) {freezing cloud, *Noise Fly rC+}
   (Trog gifted it to you on level 3 of the Realm of Zot)

   It freezes those it strikes, dealing additional cold damage.
   It can also slow down cold-blooded creatures.
   It occasionally leaves clouds of freezing vapour upon striking a foe.
   It grants immunity to clouds of freezing vapour.
   rC:        It protects you from cold.
   Fly:       It grants you flight.
   *Noise:    It may make noises in combat.
 b - a +5 antimagic executioner's axe
Missiles
 d - 15 throwing nets
 e - 7 javelins
 g - 46 boomerangs (quivered)
 B - 4 silver boomerangs
 K - 23 silver javelins
 W - 11 curare-tipped darts
Armour
 f - the +2 pair of gloves of the Other Side (worn) {*Corrode rPois Dex+6}
   (You found it in a wizard's laboratory)

   Dex:       It affects your dexterity (+6).
   rPois:     It protects you from poison.
   *Corrode:  It may corrode you when you take damage.
 h - +10 gold dragon scales (worn)
 p - the +1 helmet of the Irksome God {rElec rF+ Regen+ Int+3}
   (You acquired it on level 3 of the Elven Halls)

   Int:       It affects your intelligence (+3).
   rF:        It protects you from fire.
   rElec:     It insulates you from electricity.
   Regen:     It increases your rate of health regeneration.
 x - a +2 cloak of preservation (worn)
 Q - a +2 pair of boots of flying (worn)
Jewellery
 j - the ring of the Tortoise (left hand) {AC+8}
   (You took it off a yellow draconian on level 1 of the Realm of Zot)

   [ring of protection]

   AC:        It affects your AC (+8).
 v - a ring of protection from cold
 F - the amulet of Vitality (around neck) {RegenMP++ Regen++}
   (You found it on level 2 of the Shoals)

   [amulet of magic regeneration]

   It increases your rate of magic regeneration.
   Regen:     It increases your rate of health regeneration.
 Y - the ring of Yredelemnul, Gnashing {rC+ EV+4}
   (You took it off a vault warden on level 5 of the Vaults)

   [ring of evasion]

   EV:        It affects your evasion (+4).
   rC:        It protects you from cold.
 Z - the ring "Ojann" (right hand) {Contam rN+ Will+++ Str+6 Stlth-}
   (You bought it in a shop on level 2 of the Orcish Mines)

   [ring of strength]

   Str:       It affects your strength (+6).
   rN:        It protects you from negative energy.
   Contam:    It causes magical contamination when unequipped.
   Will:      It greatly increases your willpower.
   Stlth:     It makes you less stealthy.
Wands
 t - a wand of digging (14)
 y - a wand of polymorph (20)
 M - a wand of mindburst (29)
 O - a wand of roots (26)
 T - a wand of light (17)
 U - a wand of paralysis (33)
Scrolls
 i - 7 scrolls of vulnerability
 o - 14 scrolls of teleportation
 z - a scroll of enchant weapon
 C - 2 scrolls of immolation
 D - 3 scrolls of blinking
 H - 2 scrolls of magic mapping
 L - 3 scrolls of silence
 N - 15 scrolls of poison
 R - 13 scrolls of fear
 S - 4 scrolls of summoning
 V - 6 scrolls of butterflies
Potions
 k - 6 potions of berserk rage
 m - 7 potions of lignification
 n - 24 potions of curing
 q - 13 potions of attraction
 r - 2 potions of ambrosia
 s - 3 potions of resistance
 u - 6 potions of haste
 A - 4 potions of invisibility
 G - 4 potions of might
 I - 5 potions of cancellation
 J - 18 potions of heal wounds
 P - 6 potions of magic
Miscellaneous
 c - a condenser vane
 l - a box of beasts
 w - a phial of floods
 E - a phantom mirror


   Skills:
 * Level 26.3 Fighting
 - Level 24.0 Axes
 - Level 16.0 Throwing
 + Level 25.5 Armour
 + Level 16.1 Dodging
 - Level 3.2 Stealth
 * Level 26.8 Invocations
 + Level 19.2 Evocations


You had 26 spell levels left.
You didn't know any spells.
Your spell library was empty.

Dungeon Overview and Level Annotations

Branches:
Dungeon (15/15)            Temple (0/1) D:5            Lair (5/5) D:9
 Shoals (4/4) Lair:3        Snake (4/4) Lair:3        Slime (1/5) Lair:5
    Orc (2/2) D:11            Elf (3/3) Orc:2        Vaults (5/5) D:13
  Crypt (0/3) Vaults:3     Depths (4/4) D:15            Zot (5/5) Depths:4
  Sewer (visited)          Bailey (visited)          WizLab (visited)

Altars:
Ashenzari
Dithmenos
Elyvilon
Hepliaklqana
Okawaru
Trog
Yredelemnul
Beogh
Jiyva

Shops:
D:5 !   D:10 (   D:14 (   Orc:1 (*[*:   Orc:2 =([=:   Elf:1 =[(   Shoals:1 =
Shoals:2 [   Shoals:3 *   Vaults:2 !   Vaults:3 (   Vaults:4 ([
Depths:3 (!*[*

Portals:
Hell: Depths:1 Depths:2 Depths:3 Depths:4
Abyss: Depths:3
Pandemonium: Depths:2 Depths:4
Ziggurat: Depths:4

Annotations:
D:11 3 runed translucent doors, 2FriedEggs's ghost, journeyman HOMo
D:12 4 runed translucent doors
Snake:3 3 runed translucent doors, flotson's ghost, adept DsDe
Elf:2 3 runed translucent doors
Depths:4 exclusions: angel, 2 daevas and 1 more exclusion


Innate Abilities, Weirdness & Mutations

You have a pair of small horns on your head.
You are dopey. (Int -2)
Your magical capacity is very low. (-20% MP)
You do not regenerate when monsters are visible.
You are weak. (Str -2)
You occasionally lose the ability to drink potions when taking damage.


Message History

The demonspawn black sun is almost dead.
You slice the demonspawn black sun!!
You kill the demonspawn black sun!
Trog accepts your kill.
No target in view!
No target in view!
(D) Dungeon (T) Temple (L) Lair (A) Shoals (P) Snake Pit (M) Slime Pits (O) Orcish Mines (E) Elven Halls (V) Vaults (C) Crypt (U) Depths (H) Hell (Z) Zot
Where to? (Enter - D:1 @ (x,y), ? - help)
A soul eater comes into view.
You see here a +0 club.
There is a stone staircase leading up here.
You fly upwards.
There is a stone staircase leading down here.
(D) Dungeon (T) Temple (L) Lair (A) Shoals (P) Snake Pit (M) Slime Pits (O) Orcish Mines (E) Elven Halls (V) Vaults (C) Crypt (U) Depths (H) Hell (Z) Zot
Where to? (Enter - D:1 @ (x,y), ? - help)
There is a stone staircase leading up here.
HP restored.
You fly upwards.
There is a stone staircase leading down here.
There is a stone staircase leading up here.
You fly upwards.
There is a stone staircase leading down here.
You see here a +0 hand axe.
There is a stone staircase leading up here.
You fly upwards.
There is a stone staircase leading down here.
There is a stone staircase leading up here.
You fly upwards.
There is a stone staircase leading down here.
There is a stone staircase leading up here.
You fly upwards.
There is a stone staircase leading down here.
There is a staircase leading out of the dungeon here.
You have escaped!

.........................#...##..
####....................###..##..
#..###).[................#.......
.....##......######..####.##.#.#.
.##..........##>..'....#####.....
####.........###.##.........##.#.
####.....##.## #.#.....####.##.#.
.##.....###.####.#.......##.##.#.
.....##.#......#@#.....#..~..~..~
#..###.........###........~~.~...
####...##.####..#......#...~≈~~~~
.......##.##..........##.~.≈≈~≈~~
.########.##.#..##.........~≈)≈≈≈
## #.##.#..##.##.#.#~.~≈~.~~
#.......##.##.#.#..~≈~._~
#.##.##.##.##...#~.≈≈≈~..
#.##.##.##......#.~≈≈≈≈~~


There were no monsters in sight!

Vanquished Creatures
  Tiamat (Zot:4)
  3 dread liches
  6 orbs of fire
  Mara (Snake:3)
  7 ancient liches
  2 juggernauts
  A royal mummy (WizLab)
  7 Killer Klowns
  5 curse toes
  Jory (Depths:4)
  11 golden dragons
  3 bone dragons
  A shard shrike zombie (Abyss:3)
  4 electric golems
  A pandemonium lord (Depths:3)
  A Brimstone Fiend (Depths:3)
  Rupert (Lair:5)
  A hellephant (Abyss:1)
  17 tentacled monstrosities
  An Ice Fiend (D:12)
  A walking earthen tome (Depths:3)
  3 titans
  Asterion (Depths:2)
  24 Orb Guardians
  A walking crystal tome (Depths:2)
  2 deep elf master archers (Elf:3)
  3 liches
  10 quicksilver dragons
  2 deep elf blademasters (Elf:3)
  A kraken (Abyss:3)
  Frances (Shoals:2)
  Polyphemus (Shoals:3)
  10 tentacled starspawn
  11 death cobs
  Kirke (Shoals:2)
  13 sphinxes
  Donald (Shoals:3)
  11 shadow dragons
  Roxanne (Elf:3)
  5 tengu reavers
  3 draconian monks
  3 nagarajas (Snake:4)
  Ilsuiw (Shoals:3)
  A revenant (Abyss:3)
  18 storm dragons
  An azure jelly (Slime:1)
  10 frost giants
  5 iron dragons
  3 draconian scorchers
  Aizul (Snake:3)
  13 draconian knights
  2 ghost moths
  3 balrugs
  11 fire giants
  The ghost of purpskrrrp the Crack Shot, an adept DEHu of Cheibriados (Shoals:2)
  16 vault wardens
  10 deep elf sorcerers
  6 deep elf elementalists (Elf:3)
  2 caustic shrike skeletons (Abyss:3)
  Louise (Shoals:1)
  5 draconian shifters
  8 draconian stormcallers
  8 draconian annihilators
  A demonspawn blood saint (D:7)
  A reaper (Abyss:3)
  13 ironbound preservers
  14 stone giants
  A spriggan defender (Depths:3)
  35 very ugly things
  9 ironbound thunderhulks
  10 war gargoyles
  2 grey draconians (Depths:4)
  A demonspawn black sun (D:7)
  15 green draconians
  4 deep elf demonologists
  14 dire elephants
  14 black draconians
  3 vampire knights
  13 spark wasps
  18 yellow draconians
  14 white draconians
  10 deep elf annihilators
  2 blizzard demons
  18 red draconians
  13 purple draconians
  2 eidola (Abyss:1)
  6 fire dragons
  7 deep elf death magi
  A crystal guardian (Vaults:3)
  2 green deaths
  A shambling mangrove (Abyss:3)
  11 merfolk impalers
  5 deep elf high priests
  Josephine (D:14)
  10 great orbs of eyes
  13 ettins
  A mummy priest (WizLab)
  5 merfolk javelineers
  13 yaktaur captains
  7 ice dragons
  Erolcha (Orc:2)
  5 peacekeepers
  7 rakshasas
  5 hydras
  4 salamander tyrants
  A catoblepas (shapeshifter) (Depths:1)
  36 vault guards
  Harold (D:11)
  An ice dragon (shapeshifter) (Vaults:5)
  2 hell beasts
  23 centaur warriors
  A merfolk avatar (Shoals:2)
  A ghost crab (Abyss:3)
  3 catoblepae
  10 anacondas
  5 ogre magi
  4 merfolk aquamancers
  28 two-headed ogres
  An alligator snapping turtle (Shoals:4)
  2 spriggan air magi
  10 ironbound frosthearts
  4 boulder beetles
  9 naga warriors
  A tengu warrior (Depths:3)
  5 deep troll shamans
  A fenstrider witch skeleton (Abyss:3)
  A satyr (Shoals:3)
  11 deep troll earth magi
  10 death yaks
  4 spriggan berserkers (Depths:3)
  3 vampire magi
  14 dancing weapons
  7 shock serpents
  4 hell hogs (Abyss:3)
  2 orc high priests (Orc:1)
  5 thrashing horrors
  11 naga sharpshooters
  2 soul eaters
  7 sun demons
  7 deep elf knights
  11 iron trolls
  A storm dragon zombie (Depths:1)
  13 hell knights
  6 wretched stars
  Amaemon (D:8)
  9 salamander mystics
  8 skeletal warriors
  A fire crab (Abyss:3)
  A sixfirhy (Abyss:1)
  8 sea snakes
  A fire crab (shapeshifter) (Depths:4)
  A shadow wraith (Abyss:3)
  35 deep trolls
  9 naga ritualists
  A golden dragon zombie (Depths:1)
  3 deep elf archers
  3 swamp dragons (Depths:4)
  6 glowing orange brains
  A spriggan simulacrum (Snake:3)
  11 necromancers
  3 flayed ghosts
  7 lindwurms
  A shadow dragon zombie (WizLab)
  A phantasmal warrior (Vaults:5)
  22 ironbound convokers
  Pikel (D:4)
  9 wizards
  25 harpies
  2 orc knights
  27 deep elf pyromancers
  16 deep elf zephyrmancers
  3 mana vipers
  32 ugly things
  13 manticores
  3 shining eyes (Slime:1)
  A tengu skeleton (Depths:1)
  3 stone giant zombies (WizLab)
  A will-o-the-wisp (Abyss:3)
  8 fauns
  4 orc sorcerers
  8 salamanders
  7 cyclopes
  4 worldbinders
  22 moths of wrath
  4 guardian serpents
  23 elephants
  A manticore (shapeshifter) (Depths:1)
  12 merfolk sirens
  An eye of devastation (Lair:5)
  A demonspawn zombie (WizLab)
  6 water nymphs (Shoals:4)
  37 black mambas
  5 smoke demons
  3 gargoyles
  11 naga magi
  A torpor snail (Lair:2)
  Joseph (D:8)
  15 vault sentinels
  Maggie (D:8)
  4 apocalypse crabs (Abyss:3)
  2 centaur skeletons (D:15)
  2 unseen horrors (D:12)
  2 spriggan zombies (WizLab)
  2 freezing wraiths (D:15)
  6 komodo dragons
  A spark wasp simulacrum (Depths:1)
  2 orange demons
  2 anaconda simulacra (Snake:3)
  16 cane toads
  A yaktaur zombie (WizLab)
  4 rime drakes
  An unseen horror (shapeshifter) (Vaults:5)
  40 yaktaurs
  A tormentor (Depths:4)
  3 tengu conjurers
  2 ice devils
  4 ancient zymes
  3 meliai
  3 efreet
  A merfolk (shapeshifter) (Vaults:5)
  10 trolls
  4 hellwings (Abyss:3)
  2 red devils
  3 guardian mummies (WizLab)
  9 wind drakes
  5 polar bears
  12 hornets
  8 snapping turtles
  35 merfolk
  A meliai (shapeshifter) (Vaults:5)
  A hydra skeleton (Abyss:3)
  21 blink frogs
  2 harpy skeletons (Abyss:3)
  4 dream sheep
  11 raiju (Abyss:3)
  A frost giant simulacrum (Depths:1)
  32 slime creatures
  4 ettin zombies (WizLab)
  A centaur simulacrum (D:15)
  Sigmund (D:5)
  6 ynoxinuls
  3 shadows
  9 air elementals
  34 starcursed masses
  18 spriggans
  A spriggan (shapeshifter) (D:13)
  4 fire elementals
  A vampire (Bailey)
  18 water elementals
  35 yaks
  2 dire elephant simulacra (Snake:3)
  6 basilisks
  6 hogs (Shoals:2)
  2 steam dragons (D:9)
  6 wraiths
  A fire bat (D:12)
  13 wyverns
  A chaos spawn (Abyss:1)
  3 neqoxecs
  8 vampire mosquitoes (D:12)
  Edmund (D:5)
  2 golden eyes (Abyss:3)
  2 minotaur simulacra (Snake:3)
  28 nagas
  5 wargs
  A water moccasin (shapeshifter) (Depths:3)
  2 hell hounds (Abyss:1)
  2 acid dragons
  11 large abominations
  20 water moccasins
  A floating eye (Lair:5)
  A swamp drake (D:9)
  26 orc warriors
  Pargi (Sewer)
  A sky beast (D:7)
  5 black bears
  4 ice beasts
  38 ogres
  8 boggarts
  5 centaurs
  37 wolves
  9 kobold brigands
  10 bullfrogs
  2 human zombies (WizLab)
  A necrophage (D:6)
  4 scorpions
  3 earth elementals
  4 gnoll sergeants
  29 wights
  16 small abominations
  A lindwurm simulacrum (Snake:3)
  5 killer bees
  3 electric eels
  11 howler monkeys
  8 vampire bats (Bailey)
  3 wolf zombies (Bailey)
  A quasit (Abyss:2)
  12 hounds
  2 jellies
  25 orc priests
  3 gnoll boudas
  4 iguanas
  31 orc wizards
  A boggart skeleton (D:15)
  20 gnolls
  7 adders
  4 white imps
  3 ufetubi
  3 dart slugs
  79 orcs
  7 endoplasms
  6 giant cockroaches
  4 goblins
  11 hobgoblins
  18 jackals
  6 quokkas
  7 ball pythons
  4 bats
  7 frilled lizards
  15 kobolds
  15 orc zombies (Bailey)
  6 rats
  2 lurking horrors (Abyss:3)
  A plant (Shoals:3)
  12 starspawn tentacles
  4 tentacles (Abyss:3)
2430 creatures vanquished.

Vanquished Creatures (collateral kills)
  A golden dragon (Zot:4)
  2 Orb Guardians (Zot:5)
  A quicksilver dragon (Depths:3)
  A sphinx (Depths:3)
  An iron dragon (Vaults:5)
  A draconian shifter (Zot:4)
  An ironbound preserver (Vaults:5)
  The ghost of whiskeysaurus the Destroyer, a journeyman DrCj of Hepliaklqana (D:12)
  2 green draconians
  A black draconian (Zot:4)
  A spark wasp (Depths:3)
  A merfolk javelineer (Shoals:4)
  A hydra (Lair:2)
  2 vault guards (Vaults:3)
  A tengu warrior (Depths:1)
  A sea snake (Shoals:4)
  A cyclops (Shoals:4)
  A vault sentinel (Vaults:3)
  A naga mage (Snake:4)
  A tengu conjurer (Depths:1)
  A dream sheep (Shoals:4)
  2 water elementals (Shoals:4)
  Grum (D:8)
  A naga (Snake:4)
  4 killer bees (D:8)
32 creatures vanquished.

Vanquished Creatures (others)
  A titan (Depths:3)
  A draconian knight (Zot:3)
  2 fire giants
  A fire dragon (Depths:1)
  An ogre mage (D:10)
  A deep elf zephyrmancer (Elf:2)
  A water elemental (Depths:3)
  A fire elemental (Elf:2)
  A boggart (Vaults:2)
  3 orcs (Orc:2)
  A butterfly (D:6)
  3 demonic plants (Elf:2)
  4 foxfires (Abyss:3)
  81 fungi
  A lurking horror (Abyss:1)
  176 plants
  9 starspawn tentacles
  3 tentacles (Abyss:3)
291 creatures vanquished.

Grand Total: 2753 creatures vanquished

Notes
Turn   | Place    | Note
-------+----------+-------------------------------------------
     0 | D:1      | ragingrage the Hill Orc Gladiator began the quest for the
                  | Orb.
     0 | D:1      | Reached XP level 1. HP: 18/18 MP: 1/1
    84 | D:1      | Reached XP level 2. HP: 21/25 MP: 2/2
   256 | D:1      | Found a faded altar of an unknown god.
   313 | D:1      | Reached skill level 5 in Axes
   341 | D:1      | Prayed at the altar of an unknown god.
   341 | D:1      | Became a worshipper of Trog the Wrathful
   341 | D:1      | Reached * piety under Trog
   432 | D:1      | Reached XP level 3. HP: 30/30 MP: 3/3
   975 | D:2      | Reached ** piety under Trog
  1174 | D:2      | Reached XP level 4. HP: 37/37 MP: 4/4
  1657 | D:3      | Reached XP level 5. HP: 42/42 MP: 5/5
  1912 | D:3      | Reached XP level 6. HP: 15/50 MP: 6/6
  2448 | D:4      | Noticed Pikel
  2467 | D:4      | Killed Pikel
  2468 | D:4      | Reached XP level 7. HP: 13/56 MP: 7/7
  2556 | D:4      | Reached *** piety under Trog
  2634 | D:4      | Found a glowing drain.
  2639 | Sewer    | Entered a sewer
  2732 | Sewer    | Noticed Pargi
  2744 | Sewer    | Killed Pargi
  3083 | D:4      | Found a hazy altar of Hepliaklqana.
  3083 | D:4      | Found a basalt altar of Yredelemnul.
  3114 | D:4      | Reached XP level 8. HP: 62/62 MP: 8/8
  3412 | D:5      | Entered Level 5 of the Dungeon
  3623 | D:5      | Found Gatzeucleg's Distillery.
  3635 | D:5      | Bought a potion of curing for 42 gold pieces
  3635 | D:5      | Bought a potion of heal wounds for 70 gold pieces
  3719 | D:5      | Found a staircase to the Ecumenical Temple.
  3751 | D:5      | Reached **** piety under Trog
  3833 | D:5      | Noticed Edmund
  3847 | D:5      | Killed Edmund
  3883 | D:5      | Noticed Sigmund
  3887 | D:5      | Killed Sigmund
  4365 | D:5      | Reached XP level 9. HP: 55/68 MP: 9/9
  4460 | D:6      | Reached skill level 15 in Axes
  4830 | D:6      | Found a white marble altar of Elyvilon.
  5057 | D:7      | Found a flagged portal.
  5071 | Bailey   | Entered a bailey
  5116 | Bailey   | Reached ***** piety under Trog
  5208 | Bailey   | Identified the +2 robe "Xuseof" {Rampage Int+5 Dex+3}
  5234 | Bailey   | Noticed a gargoyle
  5244 | Bailey   | Killed a gargoyle
  5245 | Bailey   | Reached XP level 10. HP: 72/74 MP: 10/10
  5669 | D:7      | Received a gift from Trog
  6759 | D:8      | Reached skill level 5 in Fighting
  6759 | D:8      | Received a gift from Trog
  6858 | D:8      | Noticed Grum
  6861 | D:8      | Reached XP level 11. HP: 88/88 MP: 11/11
  6866 | D:8      | Killed Grum
  6954 | D:8      | Noticed Maggie
  6961 | D:8      | Killed Maggie
  7089 | D:8      | Noticed a deep elf pyromancer
  7103 | D:8      | Noticed Amaemon
  7103 | D:8      | Noticed Joseph
  7165 | D:8      | Killed Amaemon
  7172 | D:8      | Identified the +1 scale mail "Xirrabox" {+Inv rC+}
  7183 | D:8      | Killed a deep elf pyromancer
  7227 | D:8      | Killed Joseph
  7293 | D:8      | Identified the +6 war axe of Quirono {vorpal, +Blink rElec
                  | Int-3 Dex+5}
  7464 | D:9      | Reached skill level 10 in Fighting
  7516 | D:9      | Identified the +3 leather armour "Eryrchamu" {+Blink Regen+
                  | SInv}
  7586 | D:9      | Received a gift from Trog
  7766 | D:9      | Noticed a rakshasa
  7770 | D:9      | Noticed a centaur warrior
  7778 | D:9      | Killed a rakshasa
  7779 | D:9      | Reached skill level 1 in Armour
  7779 | D:9      | Reached skill level 1 in Stealth
  7779 | D:9      | Reached skill level 1 in Evocations
  7784 | D:9      | Killed a centaur warrior
  7883 | D:9      | You are sucked into a shaft and drop 3 floors!
  7895 | D:12     | Noticed a manticore
  7907 | D:12     | Killed a manticore
  7959 | D:12     | Reached XP level 12. HP: 106/110 MP: 12/12
  8136 | D:11     | Noticed Harold
  8153 | D:11     | Killed Harold
  8190 | D:11     | Noticed a deep troll earth mage
  8190 | D:11     | Noticed 2FriedEggs's ghost (journeyman HOMo)
  8225 | D:11     | Noticed an ogre mage
  8228 | D:11     | Found a runed translucent gate.
  8228 | D:11     | Found a runed translucent gate.
  8229 | D:11     | Noticed a boulder beetle
  8550 | D:10     | Entered Level 10 of the Dungeon
  8550 | D:10     | Noticed a catoblepas
  8550 | D:10     | Noticed a boulder beetle
  8553 | D:10     | Noticed an ogre mage
  8574 | D:10     | Noticed a boulder beetle
  8576 | D:10     | Noticed a centaur warrior
  8588 | D:10     | Noticed a two-headed ogre
  8593 | D:10     | Killed a two-headed ogre
  8725 | D:10     | Reached ****** piety under Trog
  8922 | D:10     | Found Qar Enti's Antique Weapon Shoppe.
  9305 | D:9      | Noticed a centaur warrior
  9311 | D:9      | Killed a centaur warrior
  9713 | D:9      | Found a staircase to the Lair.
  9920 | Lair:1   | Entered Level 1 of the Lair of Beasts
 10259 | Lair:1   | Reached skill level 5 in Armour
 10332 | Lair:1   | Found a shadowy altar of Dithmenos.
 10769 | Lair:2   | Noticed a seven-headed hydra
 10783 | Lair:2   | Killed a 12-headed hydra
 11011 | Lair:2   | Identified the +1 long sword of Trog's Vengeance {vorpal,
                  | rElec rPois Will+} (Trog gifted it to you on level 2 of the
                  | Lair of Beasts)
 11011 | Lair:2   | Received a gift from Trog
 11013 | Lair:2   | Reached XP level 13. HP: 109/122 MP: 13/13
 12221 | Lair:3   | Reached skill level 5 in Evocations
 12271 | Lair:3   | Reached skill level 5 in Dodging
 12410 | Lair:3   | Found a staircase to the Shoals.
 12805 | Lair:3   | Found a staircase to the Snake Pit.
 13504 | Lair:4   | Received a gift from Trog
 13505 | Lair:4   | Reached XP level 14. HP: 122/133 MP: 14/14
 13656 | Lair:4   | Reached skill level 15 in Fighting
 13767 | Lair:4   | Noticed a dire elephant
 13779 | Lair:4   | Killed a dire elephant
 14174 | Lair:4   | Reached skill level 10 in Armour
 14919 | D:5      | Bought a potion of cancellation for 112 gold pieces
 14919 | D:5      | Bought a potion of haste for 140 gold pieces
 15083 | D:12     | Identified the +3 great mace "Murgh" {venom, rN+++ Will+
                  | Dex-2}
 15083 | D:12     | Noticed whiskeysaurus's ghost (journeyman DrCj)
 15085 | D:12     | Found a transporter.
 15179 | D:12     | Found the +7 great mace "Firestarter" {inner flame, rF++}
 15515 | D:12     | Found a transporter.
 15532 | D:12     | Found a runed translucent door.
 15533 | D:12     | Found a runed translucent door.
 15718 | D:11     | Found a staircase to the Orcish Mines.
 15772 | D:11     | Received a gift from Trog
 16118 | D:11     | Found a runed translucent gate.
 16281 | D:12     | Found a runed translucent door.
 16316 | D:12     | Found a runed translucent door.
 17224 | D:12     | Reached XP level 15. HP: 141/141 MP: 15/15
 17230 | D:12     | Killed whiskeysaurus's ghost
 17762 | Orc:1    | Entered Level 1 of the Orcish Mines
 17777 | Orc:1    | Found Tefej's Book Shop.
 17795 | Orc:1    | Found Goupn's General Store.
 17835 | Orc:2    | Entered Level 2 of the Orcish Mines
 17916 | Orc:2    | Found Agelonow's Antique Weapon Shop.
 17916 | Orc:2    | Found Puth's Jewellery Emporium.
 17924 | Orc:2    | Found Guecseru's Jewellery Shoppe.
 17924 | Orc:2    | Found Jiaxabb's Armour Shop.
 18289 | Orc:2    | Found an iron altar of Okawaru.
 18347 | Orc:2    | Found Ejyext's Book Shop.
 18371 | Orc:2    | Found a staircase to the Elven Halls.
 18383 | Orc:2    | Noticed Erolcha
 18407 | Orc:2    | Killed Erolcha
 18772 | Orc:2    | Bought the ring "Ojann" {Contam rN+ Will+++ Str+6 Stlth-}
                  | for 818 gold pieces
 18779 | Orc:2    | Bought a slimy quarterstaff for 207 gold pieces
 18779 | Orc:2    | Identified the +6 quarterstaff of Nyjeod {freeze, *Rage rN+
                  | SInv} (You bought it in a shop on level 2 of the Orcish
                  | Mines)
 19041 | Orc:1    | Found a roughly hewn altar of Beogh.
 19116 | Orc:1    | Found Vaebb's Weapon Emporium.
 19254 | Orc:1    | Received a gift from Trog
 19332 | Orc:1    | Found Yskesmor's Antique Armour Emporium.
 19345 | Orc:1    | Bought an embroidered cloak for 240 gold pieces
 19367 | Orc:1    | Found Rosifuho's General Store.
 19733 | Snake:1  | Entered Level 1 of the Snake Pit
 19930 | Snake:1  | Reached XP level 16. HP: 121/149 MP: 14/16
 20435 | Snake:1  | Identified a scroll of acquirement
 20450 | Snake:1  | Acquired a manual of Armour
 21127 | Snake:2  | Received a gift from Trog
 21273 | Snake:2  | You are sucked into a shaft and drop 1 floor!
 21280 | Snake:3  | Noticed Mara
 21290 | Snake:3  | Reached skill level 15 in Armour
 21294 | Snake:3  | Killed Mara
 21331 | Snake:3  | Noticed Aizul
 21341 | Snake:3  | Killed Aizul
 21348 | Snake:3  | Reached skill level 10 in Evocations
 21396 | Snake:3  | Found a runed translucent gate.
 22367 | Snake:3  | Found a runed translucent gate.
 22367 | Snake:3  | Found a runed translucent gate.
 22371 | Snake:3  | Noticed flotson's ghost (adept DsDe)
 22637 | Snake:4  | Entered Level 4 of the Snake Pit
 22787 | Snake:4  | Received a gift from Trog
 23119 | Snake:4  | Found a hazy altar of Hepliaklqana.
 23451 | Snake:4  | Reached XP level 17. HP: 106/156 MP: 12/17
 24070 | Snake:4  | Received a gift from Trog
 24448 | Snake:4  | Got a serpentine rune of Zot
 25252 | D:13     | Found a gate to the Vaults.
 25276 | D:13     | Identified the +1 leather armour "Ucrualazi" {Contam Int+3
                  | Dex+5}
 25973 | D:14     | Found Volat's Antique Weapon Boutique.
 25982 | D:14     | Bought a glowing broad axe for 259 gold pieces
 26013 | D:14     | Noticed Josephine
 26019 | D:14     | Killed Josephine
 26246 | D:15     | Entered Level 15 of the Dungeon
 26723 | D:15     | Received a gift from Trog
 26769 | D:15     | Found a staircase to the Depths.
 26885 | Vaults:1 | Entered Level 1 of the Vaults
 27243 | Vaults:1 | Reached skill level 10 in Dodging
 27251 | Vaults:1 | Reached XP level 18. HP: 125/166 MP: 14/18
 27377 | Vaults:1 | Identified the +11 arbalest of Nyiluha {drain, rElec Will+
                  | MP-9}
 27390 | Vaults:1 | Reached skill level 5 in Throwing
 28803 | Shoals:1 | Entered Level 1 of the Shoals
 28887 | Shoals:1 | Found Bees's Jewellery Emporium.
 28965 | Shoals:1 | Received a gift from Trog
 29064 | Shoals:1 | Noticed Louise
 29076 | Shoals:1 | Killed Louise
 30117 | Shoals:2 | Found a runed translucent door.
 30129 | Shoals:2 | Noticed purpskrrrp's ghost (adept DEHu)
 30129 | Shoals:2 | Found the amulet of Vitality {RegenMP++ Regen++}
 30171 | Shoals:2 | Killed purpskrrrp's ghost
 30291 | Shoals:2 | Noticed Kirke
 30310 | Shoals:2 | Killed Kirke
 30439 | Shoals:2 | Found Ziorchy's Armour Boutique.
 30507 | Shoals:2 | Noticed Frances
 30513 | Shoals:2 | Killed Frances
 30809 | Shoals:3 | Found Hureck's Assorted Antiques.
 30851 | Shoals:3 | Bought a potion of heal wounds for 165 gold pieces
 30900 | Shoals:3 | Noticed Ilsuiw
 30935 | Shoals:3 | Killed Ilsuiw
 30938 | Shoals:3 | Noticed Polyphemus
 30952 | Shoals:3 | Killed Polyphemus
 30952 | Shoals:3 | Received a gift from Trog
 31008 | Shoals:3 | Reached XP level 19. HP: 171/177 MP: 19/19
 31229 | Shoals:3 | Noticed Donald
 31242 | Shoals:3 | Killed Donald
 31699 | Shoals:4 | Entered Level 4 of the Shoals
 31726 | Shoals:4 | Reached skill level 1 in Invocations
 31727 | Shoals:4 | Paralysed by an air elemental for 1 turns
 31731 | Shoals:4 | Paralysed by an air elemental for 1 turns
 31897 | Shoals:4 | Received a gift from Trog
 31955 | Shoals:4 | Paralysed by an air elemental for 1 turns
 32322 | Shoals:4 | Paralysed by an air elemental for 1 turns
 32357 | Shoals:4 | Reached skill level 5 in Invocations
 32364 | Shoals:4 | Identified the +0 plate armour "Nimew" {Rampage Will+ Str-2
                  | Int+4 Dex+2}
 32398 | Shoals:4 | Received a gift from Trog
 32482 | Shoals:4 | Identified the +2 hand axe of Benevolence {antimagic, rCorr
                  | Str-2 Int+6 Stlth+}
 32482 | Shoals:4 | Identified the ring of Biari {Str+4 Slay+4}
 32562 | Shoals:4 | Got a barnacled rune of Zot
 32745 | Shoals:4 | Paralysed by an air elemental for 1 turns
 33846 | Vaults:2 | Reached XP level 20. HP: 159/191 MP: 26/26
 33847 | Vaults:2 | Identified the +13 short sword "Oloaptun" {vorpal, rElec
                  | rN+ Str-4} (Trog gifted it to you on level 2 of the Vaults)
 33847 | Vaults:2 | Received a gift from Trog
 33851 | Vaults:2 | Reached skill level 10 in Throwing
 34199 | Vaults:2 | Found Titzorupp's Distillery.
 34204 | Vaults:2 | Bought 2 potions of curing for 90 gold pieces
 34204 | Vaults:2 | Bought a potion of heal wounds for 75 gold pieces
 34204 | Vaults:2 | Bought a potion of heal wounds for 75 gold pieces
 34303 | Vaults:2 | Bought a potion of attraction for 45 gold pieces
 35170 | Vaults:2 | You are sucked into a shaft and drop 1 floor!
 35174 | Vaults:3 | Found Otorreng's Antique Weapon Shoppe.
 35489 | Vaults:3 | Reached skill level 10 in Invocations
 35489 | Vaults:3 | Reached XP level 21. HP: 200/200 MP: 28/28
 35490 | Vaults:3 | Reached XP level 22. HP: 209/209 MP: 28/30
 36704 | Vaults:3 | Received a gift from Trog
 36931 | Vaults:3 | Found a staircase to the Crypt.
 37541 | Vaults:4 | Found Voed's Antique Weapon Boutique.
 38105 | Vaults:4 | Found Suteykod's Armour Shop.
 38355 | Vaults:4 | Reached XP level 23. HP: 218/218 MP: 32/32
 38587 | Vaults:4 | Received a gift from Trog
 38678 | Vaults:5 | Entered Level 5 of the Vaults
 38715 | Vaults:5 | Received a gift from Trog
 38729 | Vaults:5 | Noticed an ancient lich
 38738 | Vaults:5 | Killed an ancient lich
 39268 | Vaults:5 | Noticed a dread lich
 39278 | Vaults:5 | Killed a dread lich
 39326 | Vaults:5 | Received a gift from Trog
 39510 | Vaults:5 | Identified the ring of Yredelemnul, Gnashing {rC+ EV+4}
 39519 | Vaults:5 | Reached skill level 15 in Evocations
 39523 | Vaults:5 | Noticed an ancient lich
 39532 | Vaults:5 | Killed an ancient lich
 39533 | Vaults:5 | Reached XP level 24. HP: 197/231 MP: 34/34
 39557 | Vaults:5 | Reached skill level 15 in Invocations
 39679 | Vaults:5 | Noticed an ancient lich
 39693 | Vaults:5 | Killed an ancient lich
 39784 | Vaults:5 | Identified the +1 scale mail of Boit {rC+}
 40326 | Vaults:5 | Got a silver rune of Zot
 40787 | Elf:1    | Entered Level 1 of the Elven Halls
 40821 | Orc:2    | Bought a +0 pair of gloves of infusion for 149 gold pieces
 40938 | Elf:1    | Received a gift from Trog
 41171 | Elf:1    | Found Ivul's Antique Weapon Emporium.
 41311 | Elf:1    | Found Box Fis's Antique Armour Emporium.
 41321 | Elf:1    | Found Zuuthrir's Jewellery Shoppe.
 41336 | Elf:1    | Bought a pair of bloodstained boots for 228 gold pieces
 41336 | Elf:1    | Identified the +2 pair of boots of the Wilderness {Harm}
                  | (You bought it in a shop on level 1 of the Elven Halls)
 41338 | Elf:1    | Bought a runed scarf for 192 gold pieces
 41774 | Elf:2    | Found a flickering gateway to a bazaar.
 41799 | Bazaar   | Entered a bazaar
 41799 | Bazaar   | Found Geiddyups's Distillery.
 41806 | Bazaar   | Bought a potion of invisibility for 128 gold pieces
 41809 | Bazaar   | Found Ypoci's Antique Armour Boutique.
 41826 | Bazaar   | Found Sizaopi's Antique Weapon Emporium.
 41826 | Bazaar   | Found Tapsoywk's General Store.
 41832 | Bazaar   | Bought a runed helmet for 142 gold pieces
 41862 | Bazaar   | Bought a scroll of teleportation for 48 gold pieces
 41862 | Bazaar   | Bought a potion of curing for 48 gold pieces
 41865 | Bazaar   | Found Ynnaqy's Jewellery Boutique.
 41892 | Bazaar   | Bought a potion of curing for 48 gold pieces
 41892 | Bazaar   | Bought 2 potions of heal wounds for 160 gold pieces
 41892 | Bazaar   | Bought a potion of resistance for 160 gold pieces
 41892 | Bazaar   | Bought a potion of resistance for 160 gold pieces
 42187 | Elf:2    | Found a runed translucent gate.
 42189 | Elf:2    | Found a runed translucent gate.
 42190 | Elf:2    | Found a runed translucent gate.
 42296 | Elf:2    | Received a gift from Trog
 42457 | Elf:3    | Entered Level 3 of the Elven Halls
 42461 | Elf:3    | Noticed Roxanne
 42478 | Elf:3    | Killed Roxanne
 43056 | Elf:3    | Acquired the +1 helmet of the Irksome God {rElec rF+ Regen+
                  | Int+3}
 43358 | Elf:3    | Received a gift from Trog
 43474 | Elf:3    | Identified the +8 arbalest of Peril {freeze, *Slow rElec
                  | rCorr Int+5 Dex-2}
 43482 | Elf:3    | Identified the +9 sling of the Swamp {vorpal, +Blink rN+
                  | Str+6 Stlth-}
 43562 | Elf:3    | Identified the +3 ring mail of Noxious Creativity {rPois
                  | rF+ rCorr Dex+4}
 43624 | Elf:3    | Identified the +2 ring mail of Beogh's Supremacy {rF+++
                  | Will- Dex-5 SInv}
 43627 | Elf:3    | Identified the ring "Viteim" {rF+ MP+9}
 43635 | Elf:3    | Identified the +9 dagger "Irchikomei" {antimagic, rF+ rC+
                  | Str+3 Dex-3}
 43654 | Elf:3    | Identified the +6 quarterstaff of Crawling {freeze, Str+2
                  | Int+5}
 43661 | Elf:3    | Identified the +1 robe of the Sky {Str+3}
 44078 | Depths:1 | Entered Level 1 of the Depths
 44078 | Depths:1 | Found a broken altar of Ashenzari.
 44105 | Depths:1 | Identified the +11 great sword "Urhoh" {chaos, Fly rElec
                  | Str-5}
 44254 | Depths:1 | Reached XP level 25. HP: 150/240 MP: 1/35
 44362 | Depths:1 | Identified the +7 short sword "Yroteho" {vamp, SInv}
 44370 | Depths:1 | Identified the +1 morningstar "Ula Barch" {venom, Will+
                  | Str-2 Dex+3}
 44379 | Depths:1 | Identified the +7 flail "Boejijim" {elec, rF+ rN+ Stlth+}
 44424 | Depths:1 | Found a gateway to Hell.
 44464 | Depths:1 | Received a gift from Trog
 44491 | Depths:1 | You are sucked into a shaft and drop 1 floor!
 44542 | Depths:2 | Noticed Asterion
 44553 | Depths:2 | Killed Asterion
 44692 | Depths:2 | Found a one-way gate leading to the halls of Pandemonium.
 44892 | Depths:2 | Received a gift from Trog
 45348 | Depths:3 | Found a one-way gate to the infinite horrors of the Abyss.
 45362 | Depths:3 | Found Suaw Qyu's Armour Shoppe.
 45483 | Depths:3 | Noticed a juggernaut
 45490 | Depths:3 | Killed a juggernaut
 45490 | Depths:3 | Received a gift from Trog
 45515 | Depths:3 | Identified the ring "Culafute" {rPois Int+6 Dex-5 Slay+3}
 45605 | Depths:3 | Reached skill level 15 in Throwing
 45696 | Depths:3 | Found Tiageghu's CLEARANCE SALE!.
 45888 | Depths:3 | Found Ximatan's Weapon Boutique.
 45960 | Depths:3 | Found Ehal's Distillery.
 45975 | Depths:3 | Bought 2 potions of curing for 120 gold pieces
 45975 | Depths:3 | Bought a potion of invisibility for 160 gold pieces
 45975 | Depths:3 | Bought a potion of invisibility for 160 gold pieces
 45975 | Depths:3 | Bought a potion of attraction for 60 gold pieces
 45990 | Depths:3 | Found Guyr Dea's Assorted Antiques.
 46006 | Depths:3 | Bought a runed cloak for 352 gold pieces
 46237 | Depths:3 | Identified the +6 chain mail of Oskyor {rPois rF+ MP+9}
 46347 | Depths:3 | Reached XP level 26. HP: 251/251 MP: 35/36
 46552 | Depths:4 | Entered Level 4 of the Depths
 46573 | Depths:4 | Received a gift from Trog
 46678 | Depths:4 | Noticed Jory
 46702 | Depths:4 | Killed Jory
 46796 | Depths:4 | Identified the +3 tower shield of Least Resistance {Will+
                  | Str+6 Slay-4 Stlth+}
 46882 | Depths:4 | Found a one-way gateway to a ziggurat.
 46992 | Depths:4 | Identified the ring of Edocloy {rPois rCorr Int+3 Dex-2}
 47104 | Depths:4 | Noticed a juggernaut
 47112 | Depths:4 | Killed a juggernaut
 47135 | Depths:4 | Found a magical portal.
 47147 | WizLab   | Entered Doroklohe's Tomb
 47520 | WizLab   | Received a gift from Trog
 47522 | WizLab   | Noticed a royal mummy
 47541 | WizLab   | Killed a royal mummy
 47731 | WizLab   | Identified the +0 pair of boots of Space {Int+4}
 47750 | WizLab   | Identified the +2 pair of gloves of the Other Side
                  | {*Corrode rPois Dex+6}
 48120 | Depths:4 | Found a gate to the Realm of Zot.
 48792 | Lair:5   | Entered Level 5 of the Lair of Beasts
 48793 | Lair:5   | Found a staircase to the Slime Pits.
 48793 | Lair:5   | Found a viscous altar of Jiyva.
 48796 | Lair:5   | Paralysed by a floating eye for 4 turns
 49144 | Lair:5   | Received a gift from Trog
 49157 | Lair:5   | Noticed Rupert
 49163 | Lair:5   | Killed Rupert
 50175 | Depths:3 | Voluntarily entered the Abyss.
 50653 | Abyss:1  | Received a gift from Trog
 50668 | Abyss:1  | Paralysed by accursed screaming for 1 turns
 50926 | Abyss:3  | Paralysed by accursed screaming for 1 turns
 51012 | Abyss:3  | Reached XP level 27. HP: 256/261 MP: 36/36
 51065 | Abyss:3  | Gained mutation: Your spells are a little easier to cast,
                  | but a little less powerful. [a neqoxec]
 51114 | Abyss:3  | Paralysed by accursed screaming for 1 turns
 51135 | Abyss:3  | Received a gift from Trog
 51162 | Depths:3 | Escaped the Abyss
 51402 | Depths:3 | Voluntarily entered the Abyss.
 51403 | Abyss:3  | Found a corrupted altar of Lugonu.
 51504 | Abyss:3  | Got an abyssal rune of Zot
 51640 | Depths:3 | Escaped the Abyss
 52040 | Slime:1  | Entered Level 1 of the Pits of Slime
 52042 | Slime:1  | Gained mutation: You are frail. (-10% HP) [a shining eye]
 52057 | Slime:1  | Gained mutation: Your body sometimes deteriorates upon
                  | taking damage. [a shining eye]
 52059 | Slime:1  | Gained mutation: You sometimes lose your temper in combat.
                  | [a shining eye]
 52062 | Slime:1  | Gained mutation: You are dopey. (Int -2) [a shining eye]
 52070 | Slime:1  | Received a gift from Trog
 52081 | Slime:1  | Lost mutation: Your spells are a little easier to cast, but
                  | a little less powerful. [potion of mutation]
 52081 | Slime:1  | Lost mutation: You are dopey. (Int -2) [potion of mutation]
 52081 | Slime:1  | Lost mutation: Your body sometimes deteriorates upon taking
                  | damage. [potion of mutation]
 52081 | Slime:1  | Lost mutation: You are frail. (-10% HP) [potion of
                  | mutation]
 52081 | Slime:1  | Gained mutation: You are agile. (Dex +4, Str/Int -1)
                  | [potion of mutation]
 52082 | Slime:1  | Lost mutation: You are agile. (Dex +4, Str/Int -1) [potion
                  | of mutation]
 52082 | Slime:1  | Lost mutation: You sometimes lose your temper in combat.
                  | [potion of mutation]
 52082 | Slime:1  | Gained mutation: You are occasionally teleported next to
                  | monsters. [potion of mutation]
 52082 | Slime:1  | Gained mutation: You have a beak for a mouth. [potion of
                  | mutation]
 52083 | Slime:1  | Lost mutation: You have a beak for a mouth. [potion of
                  | mutation]
 52083 | Slime:1  | Lost mutation: You are occasionally teleported next to
                  | monsters. [potion of mutation]
 52083 | Slime:1  | Gained mutation: You passively dampen the noise of your
                  | surroundings. [potion of mutation]
 52566 | Zot:1    | Entered Level 1 of the Realm of Zot
 52770 | Zot:1    | Identified the +1 scale mail of the Pure Xalams {rCorr
                  | Str+2}
 53805 | Zot:2    | Received a gift from Trog
 53978 | Zot:2    | Reached skill level 15 in Dodging
 54773 | Zot:3    | Received a gift from Trog
 54773 | Zot:3    | Found the +8 frozen axe "Frostbite" {freezing cloud, *Noise
                  | Fly rC+}
 55378 | Zot:3    | Noticed an orb of fire
 55403 | Zot:3    | Killed an orb of fire
 55704 | Abyss:3  | Cast into level 3 of the Abyss (black draconian knight)
 55808 | Abyss:3  | Found a corrupted altar of Lugonu.
 55878 | Zot:4    | Escaped the Abyss
 56289 | Zot:4    | Noticed an orb of fire
 56294 | Zot:4    | Gained mutation: You are weak. (Str -2) [an orb of fire]
 56310 | Zot:4    | Killed an orb of fire
 56315 | Zot:4    | Found the +4 dragonskin cloak
 56315 | Zot:4    | Noticed Tiamat
 56348 | Zot:4    | Received a gift from Trog
 56367 | Zot:4    | Killed Tiamat
 56526 | Zot:5    | Entered Level 5 of the Realm of Zot
 56780 | Zot:5    | Noticed an orb of fire
 56794 | Zot:5    | Killed an orb of fire
 57424 | Zot:5    | Noticed an ancient lich
 57440 | Zot:5    | Killed an ancient lich
 57519 | Zot:5    | Noticed an ancient lich
 57521 | Zot:5    | Noticed an orb of fire
 57522 | Zot:5    | Noticed an orb of fire
 57530 | Zot:5    | Gained mutation: You occasionally lose the ability to drink
                  | potions when taking damage. [an orb of fire]
 57534 | Zot:5    | Gained mutation: Your magical capacity is low. (-10% MP)
                  | [an orb of fire]
 57540 | Zot:5    | Killed an orb of fire
 57540 | Zot:5    | Gained mutation: You have hidden genetic defects. [an orb
                  | of fire]
 57627 | Zot:4    | Lost mutation: You passively dampen the noise of your
                  | surroundings. [potion of mutation]
 57627 | Zot:4    | Lost mutation: You are weak. (Str -2) [potion of mutation]
 57627 | Zot:4    | Lost mutation: You have hidden genetic defects. [potion of
                  | mutation]
 57627 | Zot:4    | Gained mutation: You are dopey. (Int -2) [potion of
                  | mutation]
 57627 | Zot:4    | Gained mutation: Your magical capacity is very low. (-20%
                  | MP) [potion of mutation]
 57627 | Zot:4    | Gained mutation: You have a pair of small horns on your
                  | head. [potion of mutation]
 57769 | Zot:5    | Killed an ancient lich
 57791 | Zot:5    | Gained mutation: You do not regenerate when monsters are
                  | visible. [an orb of fire]
 57795 | Zot:5    | Killed an orb of fire
 57904 | Zot:5    | Received a gift from Trog
 57971 | Zot:5    | Noticed a dread lich
 57981 | Zot:5    | Killed a dread lich
 58384 | Zot:5    | Noticed an orb of fire
 58405 | Zot:5    | Killed an orb of fire
 58410 | Zot:5    | Noticed a dread lich
 58815 | Zot:5    | Killed a dread lich
 59032 | Zot:5    | Noticed an ancient lich
 59048 | Zot:5    | Killed an ancient lich
 59083 | Zot:5    | Noticed an ancient lich
 59093 | Zot:5    | Killed an ancient lich
 59203 | Zot:5    | Got the Orb of Zot
 59272 | Zot:2    | Noticed Rievotat the pandemonium lord
 59274 | Zot:2    | Gained mutation: You are weak. (Str -2) [a neqoxec]
 59421 | Depths:3 | Noticed Vonleoli the pandemonium lord
 59447 | Depths:3 | Killed Vonleoli the pandemonium lord
 59851 | D:$      | Escaped with the Orb!

Illustrated notes

Levels and vault maps discovered:
D:1:      amcnicky_arrival_choice, layout_loops_cross,
          chequers_ecumenical_altar_island, minivault_14, minmay_misc_feat_iff
D:2:      layout_basic
D:3:      layout_basic, chequers_arboretum, hangedman_decor_lopped
D:4:      layout_loops_ring, minitemple, gup_sewer_entry_bowl, uniq_pikel
D:5:      layout_basic, minmay_temple_entry_from_below_a, serial_shops,
          nicolae_shop_temple_entry_statues_fountains, corexii_checkpoint_b,
          sigmund_edmund_badplayer
D:6:      layout_rooms, nicolae_elyvilon_peaceful_grove
D:7:      lemuel_castle_with_subvaults [lemuel_castle_interior_carwin_1],
          layout_basic, serial_co_window_serial, co_window_corner_a,
          co_window_corner_a, co_window_corner_a, co_window_of_opportunity_a,
          co_window_paths_a, co_window_cross_2, co_window_broadway_b,
          co_window_unsneaky_path_d, co_window_paths_e, glass_columns_c,
          glass_columns_a, glass_columns_b, glass_columns_a, enter_bailey_6,
          grunt_ministairs_1
D:8:      layout_cave_pools, kennysheep_island_fort, uniq_amaemon, uniq_maggie,
          uniq_grum, uniq_joseph
D:9:      layout_cave_pools, erik_lair_dragon, serial_bayou_pond_b,
          hangedman_minor_gate_pass
D:10:     layout_basic, serial_shops, shop_statue, grunt_decor_arrowhead,
          onia_ninara_dug_in_and_dangerous
D:11:     layout_basic, kennysheep_orc_monster_closet_entryway,
          gammafunk_ghost_split, uniq_harold
D:12:     minmay_firetagon, layout_grid_maze, gammafunk_ghost_smash,
          minmay_statue_crystal_thing
D:13:     layout_big_octagon, david_vaults_1
D:14:     layout_irregular_city, serial_shops, shop, minivault_11,
          kennysheep_small_circle, uniq_josephine
D:15:     grunt_enter_depths_magical_seal, layout_basic, minivault_26
Lair:1:   layout_gridlike, basic_altar
Lair:2:   nzn_winding_woodlands_medium [nzn_winding_woodlands_5x5_checkerboard,
          nzn_winding_woodlands_5x15_cabin,
          nzn_winding_woodlands_5x5_closed_star,
          nzn_winding_woodlands_hourglass, nzn_winding_woodlands_center_garden,
          nzn_winding_woodlands_5x5_perimeter, nzn_winding_woodlands_5x5_cross,
          nzn_winding_woodlands_5x15_parted, nzn_winding_woodlands_5x5_default],
          layout_cave_pods, nicolae_lair_grove_arrangements,
          chequers_serial_rivers_room_a
Lair:3:   layout_gridlike, minmay_shoals_entry_beasts,
          minmay_snake_entry_six_corridors, minmay_holes, serial_bayou_pond_c,
          chequers_serial_rivers_small_b, lemuel_fruit_fields
Lair:4:   mu_elephants_graveyard, layout_regular_city, wad_woods_03
Lair:5:   minmay_lair_end_enchanted_forest, layout_regular_city,
          minmay_slime_entry_eyes, lemuel_fruit_tree, uniq_rupert
Shoals:1: layout_shoals, minmay_shop_enchanted_jewellery, uniq_louise
Shoals:2: layout_shoals, serial_shops, shop, ebering_ghost_reflecting_pool,
          uniq_kirke, uniq_frances
Shoals:3: layout_shoals, serial_shops, shop_statue,
          nicolae_shoals_stone_sculpture_thing, uniq_polyphemus, uniq_donald,
          uniq_ilsuiw
Shoals:4: shoals_end_hellmonk_storm_palace [storm_palace_center_circular,
          storm_palace_corner_grid, storm_palace_corner_pillars,
          storm_palace_corner_pillars, storm_palace_corner_grid]
Snake:1:  layout_rooms, drop_trap
Snake:2:  layout_misc_corridors
Snake:3:  layout_cave_town, ebering_ghost_rock_garden,
          portal_ice_cave_entry_ice_simulacra, uniq_mara, uniq_aizul
Snake:4:  johnstein_snake_rune_scales, layout_cave_pods, basic_altar,
          grunt_megastairs_1
Slime:1:  layout_caves
Orc:1:    layout_diamond_mine, serial_shops, shop, nicolae_shop_behind_doors,
          shop, nicolae_diamond_shop, shop, basic_altar
Orc:2:    st_orc_ogre_mass, layout_caves, serial_shops, nicolae_shop_stone,
          okawaru_metal_pillars_1_2, uniq_erolcha
Elf:1:    eino_elf_arrival_the_gate, layout_geoelf_diagonals, serial_shops,
          nicolae_lakefront_shop, minmay_elf_sorcery, minmay_shoptagon
Elf:2:    nicolae_elf_blades_splatter_lattice [nicolae_blade_entry_antechamber],
          layout_rooms, serial_shops, bzr_entry_safe,
          dreamdust_princess_corridor, hangedman_elf_disciples
Elf:3:    minmay_elf_hall_spiked, layout_geoelf_castle, uniq_roxanne
Vaults:1: v_misc_13, vaults_room_semicircle, ontoclasm_vaults_fault, v_rooms_3,
          hangedman_vaults_snaps, vaults_room_stairs_pillars,
          dpeg_vaults_monster_box, vaults_dpeg_ring, serial_ice_g,
          nicolae_vaults_shelves_hall, nicolae_vaults_yaktaur_gun_rack,
          hangedman_vaults_slice, vaults_room_door_ring,
          grunt_vaults_hallway_long, vaults_mumra_chevron_long, v_misc_26,
          grunt_vaults_focal, vaults_room_door_ring, layout_vaults_omnicross
Vaults:2: v_misc_33, hangedman_vaults_stitches, ontoclasm_vaults_ring_large,
          nicolae_vaults_big_ls, ontoclasm_vaults_pinch, v_misc_13,
          vaults_room_octagon, dpeg_vaults_monster_row,
          nicolae_vaults_network_star, ontoclasm_vaults_idyll,
          nicolae_vaults_what_the_h, nicolae_vaults_little_squares_4,
          vaults_dpeg_emergency_exit, layout_vaults_ring, serial_shops, shop
Vaults:3: v_alt_pattern_6, v_pattern_1, nicolae_vaults_meeting,
          nicolae_vaults_network_barrier, v_misc_14,
          minmay_crypt_entry_nasty_monster, hangedman_vaults_restitches,
          v_alt_pattern_6, v_misc_23, hangedman_vaults_maws,
          hangedman_vaults_impose, vaults_room_mumra_shop_pool,
          layout_vaults_maze_bifur
Vaults:4: vaults_room_fours, v_misc_12, v_misc_32, grunt_vaults_hallway_long,
          vaults_room_fours, v_pattern_3, nicolae_vaults_asterisk,
          nicolae_vaults_mini_display_case, nicolae_vaults_murderbox,
          layout_vaults_omnigrid, serial_shops, nicolae_shop_advertising_works
          [nicolae_subvault_shop_adworks],
          nicolae_shop_competitors_out_of_business
Vaults:5
Depths:1: layout_roguey, ashenzari_conservatory_becter, pan_entry, serial_shops,
          nicolae_shop_trees, grunt_mini_vestibule, minmay_statues_item,
          minmay_the_grid_square_5x5_3x3_mashed
          [minmay_the_grid_square_5x5_pentomino_r,
          minmay_the_grid_square_5x5_trominoes,
          minmay_the_grid_square_5x5_two_walls_a,
          minmay_the_grid_square_5x5_meh,
          minmay_the_grid_square_5x5_megaprize_open,
          minmay_the_grid_square_5x5_hourglass,
          minmay_the_grid_square_5x5_broken_cross,
          minmay_the_grid_square_5x5_gyroscope,
          minmay_the_grid_square_5x5_mess], minmay_shop_grove
Depths:2: kennysheep_ogre_elephant_herders, layout_gridlike,
          rand_demon_pan_entry_8, infiniplex_staircase_trident, pf_coc_iceberg,
          uniq_asterion
Depths:3: minmay_complete_graph, layout_basic, minmay_misc_feat_encased,
          hell_entry, serial_shops, shop_fountains, shop_coins, shop,
          shop_coins, abyss_entry_crystal, nicolae_shop_clearance
Depths:4: evilmike_zot_entry_gauntlet, layout_gridlike, enter_ziggurat_c,
          hex_intersection, hell_entry, pan_entry, mu_enter_wizlab_4,
          grunt_ministairs_10, uniq_jory
Zot:1:    layout_basic, st_single_dragon_hoard_2, hangedman_zot_spectrum
Zot:2:    layout_gridlike
Zot:3:    layout_gridlike
Zot:4:    layout_misc_corridors, uniq_tiamat
Zot:5:    layout_basic

Skill      XL: |  1  2  3  4  5  6  7  8  9 10 11 12 13 14 15 16 17 18 19 20 21 22 23 24 25 26 27 |
---------------+----------------------------------------------------------------------------------+-----
Axes           | 5 6 7 8 11 14 17 20 21 22 23 24 | 24.0
Fighting       | 5 11 13 14 15 17 19 20 21 22 23 24 26 | 26.3
Armour         | 1 6 8 11 13 17 19 20 21 22 23 24 25 | 25.5
Stealth        | 2 3 |  3.2
Evocations     | 1 4 5 7 9 10 11 13 15 16 17 18 19 | 19.2
Dodging        | 3 4 5 7 8 9 10 12 16 | 16.1
Throwing       | 2 4 7 9 10 11 12 13 14 15 16 | 16.0
Invocations    | 8 10 11 12 14 16 18 19 26 | 26.8

Action                   |  1- 3 |  4- 6 |  7- 9 | 10-12 | 13-15 | 16-18 | 19-21 | 22-24 | 25-27 || total
-------------------------+-------+-------+-------+-------+-------+-------+-------+-------+-------++-------
Melee: War axe           |   130 |    80 |   237 |       |       |       |       |       |       ||   447
       Punch             |       |     1 |     6 |       |       |       |       |       |       ||     7
       Battleaxe         |       |       |    39 |   422 |       |       |       |       |       ||   461
       Executioner's axe |       |       |       |    67 |   647 |   850 |   477 |   904 |  2397 ||  5342
       Headbutt          |       |       |       |       |       |       |       |       |    86 ||    86
 Fire: Arbalest          |       |       |       |    33 |       |       |       |       |       ||    33
Throw: Dart              |       |       |       |       |     1 |       |       |     3 |       ||     4
       Boomerang         |       |       |       |       |       |       |       |    26 |    38 ||    64
       Javelin           |       |       |       |       |       |       |       |       |     2 ||     2
Invok: Berserk           |       |     3 |     5 |     2 |     6 |     2 |     1 |     1 |     1 ||    21
       Brothers in Arms  |       |       |       |     2 |     1 |     2 |     1 |     5 |     5 ||    16
       Trog's Hand       |       |       |       |     1 |     2 |     5 |     2 |     2 |     4 ||    16
Evoke: Wand              |       |       |       |     1 |     2 |     1 |     3 |     1 |     2 ||    10
       Condenser vane    |       |       |       |       |       |       |       |     2 |     7 ||     9
       Phantom mirror    |       |       |       |       |       |       |       |       |     1 ||     1
  Use: Scroll            |       |     2 |       |    14 |     8 |    19 |     2 |     6 |    12 ||    63
       Potion            |       |       |       |       |       |     1 |     3 |     4 |     9 ||    17
 Stab: Paralysed         |       |       |       |     1 |       |       |       |       |       ||     1
       Petrifying        |       |       |       |       |       |     1 |       |       |       ||     1
       Invisible         |       |       |       |       |       |       |       |     4 |       ||     4
       Distracted        |       |       |       |       |       |       |       |       |     2 ||     2
       Confused          |       |       |       |       |       |       |       |       |     1 ||     1
Armor: Leather armour    |    51 |    30 |    23 |    23 |       |       |       |       |       ||   127
       Troll leather arm |       |       |    87 |    92 |       |       |       |       |       ||   179
       Gold dragon scale |       |       |       |   122 |   499 |   708 |   480 |   649 |  1561 ||  4019
       Skin              |       |       |       |       |       |       |       |       |    30 ||    30
Dodge: Dodged            |   110 |    45 |   146 |   249 |   281 |   387 |   239 |   341 |  1450 ||  3248

Table legend: (Time is in decaauts)
 A = Elapsed time spent in this place.
 B = Non-inter-level travel time spent in this place.
 C = Inter-level travel time spent in this place.
 D = Time resting spent in this place.
 E = Time spent auto-exploring this place.
 F = Levels seen in this place.
 G = Mean time per level.
                   A        B        C        D        E       F      G
               +--------+--------+--------+--------+--------+-----+--------+
         Total |  58595 |  50365 |   8230 |   5492 |  32256 |  57 | 1028.0 |
       Dungeon |  17157 |  12953 |   4204 |   1200 |   8859 |  15 | 1143.8 |
          Lair |   6680 |   5561 |   1119 |    399 |   4249 |   5 | 1336.0 |
        Shoals |   4058 |   3760 |    298 |    314 |   2461 |   4 | 1014.5 |
     Snake Pit |   5101 |   4799 |    302 |    716 |   3039 |   4 | 1275.2 |
    Slime Pits |     45 |     39 |      6 |      0 |      0 |   1 |   45.0 |
  Orcish Mines |   1939 |   1648 |    291 |    210 |   1123 |   2 |  969.5 |
   Elven Halls |   2807 |   2676 |    131 |     71 |   1889 |   3 |  935.7 |
        Vaults |   7599 |   6702 |    897 |    940 |   4429 |   5 | 1519.8 |
        Depths |   4209 |   3589 |    620 |    331 |   2024 |   4 | 1052.2 |
           Zot |   6259 |   5901 |    358 |   1058 |   3221 |   5 | 1251.8 |
         Abyss |   1278 |   1278 |      0 |      0 |    360 |   5 |  255.6 |
        Bazaar |     99 |     99 |      0 |      0 |     62 |   1 |   99.0 |
         Sewer |    251 |    251 |      0 |      0 |    127 |   1 |  251.0 |
        Bailey |    451 |    451 |      0 |      7 |    212 |   1 |  451.0 |
        Wizlab |    656 |    656 |      0 |    243 |    199 |   1 |  656.0 |
               +--------+--------+--------+--------+--------+-----+--------+

Top non-repeatable levels by time:
    D:12: 2677 daAuts
Vaults:1: 2250 daAuts
 Snake:4: 2117 daAuts
   Zot:5: 2094 daAuts
     D:9: 2084 daAuts
Depths:3: 1627 daAuts
  Lair:2: 1554 daAuts
    D:11: 1522 daAuts
Vaults:4: 1521 daAuts
  Lair:3: 1513 daAuts
Vaults:5: 1404 daAuts
 Snake:3: 1370 daAuts
     D:7: 1348 daAuts
  Lair:4: 1341 daAuts
   Elf:3: 1320 daAuts
